 Dungeon Crawl Stone Soup version 0.29-a0-559-g359e09b9d1 (webtiles) character file.

Game seed: 115924045487921196

576 Bruhh the Digger (level 7, -5/59 HPs)
             Began as an Ogre Earth Elementalist on June 10, 2022.
             Was a Follower of Vehumet.
             Killed from afar by a steam dragon (14 damage)
             ... with a ball of steam
             ... on level 5 of the Dungeon.
             The game lasted 00:04:41 (5144 turns).

Bruhh the Digger (Ogre Earth Elementalist)          Turns: 5144, Time: 00:04:42

Health: -5/59      AC:  3    Str: 13    XL:     7   Next: 35%
Magic:  6/14       EV:  9    Int: 18    God:    Vehumet [*.....]
Gold:   213        SH:  0    Dex:  9    Spells: 11/15 levels left

rFire   . . .      SeeInvis .   j - +0 rapier
rCold   . . .      Faith    .   (no shield)
rNeg    . . .      Spirit   .   b - +0 robe
rPois   .          Reflect  .   (helmet restricted)
rElec   .          Harm     .   (no cloak)
rCorr   .          Rampage  .   (gloves unavailable)
Will    .....                   (boots unavailable)
Stlth   ..........              (no amulet)
HPRegen 0.19/turn               (no ring)
MPRegen 0.14/turn               (no ring)

@: silenced, flying
A: large, unfitting armour, tough skin 1
a: Renounce Religion


You were on level 5 of the Dungeon.
You worshipped Vehumet.
Vehumet was aware of your devotion.
You visited 1 branch of the dungeon, and saw 5 of its levels.

You collected 213 gold pieces.

Inventory:

Hand Weapons
 h - a +0 dagger
 j - a +0 rapier (weapon)
Missiles
 a - 123 stones
Armour
 b - a +0 robe (worn)
Jewellery
 q - a ring of protection from cold
Wands
 y - a wand of flame (25)
Scrolls
 d - 6 scrolls of identify {unknown}
 f - a scroll of blinking {unknown}
 k - 2 scrolls of immolation {unknown}
 m - a scroll of enchant armour {unknown}
 o - 3 scrolls of teleportation {unknown}
 p - 2 scrolls of enchant weapon {unknown}
 r - a scroll of amnesia {unknown}
 s - a scroll of poison {unknown}
 t - a scroll of acquirement {unknown}
 w - a scroll of brand weapon {unknown}
 x - a scroll of torment {unknown}
 z - a scroll of summoning {unknown}
Potions
 c - a potion of magic
 e - a potion of berserk rage {unknown}
 i - 2 potions of flight
 l - a potion of ambrosia {unknown}
 n - 3 potions of curing {unknown}
 u - a potion of cancellation {unknown}
 v - 2 potions of lignification {unknown}


   Skills:
 - Level 1.7 Dodging
 - Level 1.4 Stealth
 + Level 4.7 Spellcasting
 + Level 4.1 Conjurations
 - Level 0.8 Transmutations
 - Level 5.0 Earth Magic


You had 11 spell levels left.
You knew the following spells:

 Your Spells              Type           Power      Damage    Failure   Level
a - Sandblast             Erth           44%        2d11      1%          1
b - Stone Arrow           Conj/Erth      40%        3d9       6%          3

Your spell library contained the following spells:

 Spells                   Type           Power      Damage    Failure   Level
 Freeze                   Ice            16%        1d4       14%         1
 Shock                    Conj/Air       44%        1d5       6%          1
 Passwall                 Tmut/Erth      11%        N/A       6%          2
 Swiftness                Air            4%         N/A       38%         3
 Petrify                  Tmut/Erth      14%        N/A       38%         4
 Airstrike                Air            2%         N/A       80%         4
 Malign Gateway           Summ/Tloc      2%         N/A       100%        7
 Summon Horrible Things   Summ           2%         N/A       100%        8


Dungeon Overview and Level Annotations

Branches:
Dungeon (5/15)
 Temple: D:4-7

Altars:
Vehumet


Innate Abilities, Weirdness & Mutations

You are too large for most types of armour.
You have tough skin. (AC +1)


Message History

Aiming: Stone Arrow (dangerous; 6% risk of failure)
Press: ? - help, Shift-Dir - straight line, f/p - steam dragon
Aim: a steam dragon (heavily wounded, 71% to hit)
The stone arrow misses the steam dragon.
The iguana hisses angrily.
Casting: Stone Arrow (dangerous; 6% risk of failure)
Confirm with . or Enter, or press ? or * to list all spells.
Aiming: Stone Arrow (dangerous; 6% risk of failure)
Press: ? - help, Shift-Dir - straight line, f/p - steam dragon
Aim: a steam dragon (heavily wounded, 71% to hit)
The stone arrow hits the steam dragon!
The steam dragon is severely wounded.
A steam dragon comes into view.
The steam dragon breathes steam at you. The ball of steam hits you!
The steam dragon hisses angrily.
Unknown command.
Unknown command.
The steam dragon breathes steam at you. The ball of steam hits you!
As you read the scroll labelled JOSUTI NAQIGH, it crumbles to dust.
A profound silence engulfs you.
It was a scroll of silence.
You are engulfed in a cloud of scalding steam.
The steam dragon closely misses you. The steam dragon barely misses you.
Magic scrolls do not work when you're silenced!
The steam dragon attacks as you move away!
The steam dragon closely misses you. The steam dragon claws you.
The steam dragon breathes steam at you. The ball of steam hits you!
* * * LOW HITPOINT WARNING * * *
The steam dragon breathes steam at you. The ball of steam misses you.
Okay, then.
An orc comes into view.
It is wielding a +1 flail of protection.
It was a potion of flight.
You feel very buoyant.
You fly up into the air.
The steam dragon breathes steam at you. The ball of steam hits you!
You die...

........... ..........
#...o..:. ......# #.....
##...# ##.l.###### #####
#D§D.##≈..## ..P.########
#@§..#..≈≈≈##
..≈.PPP.≈.P#########≈^...^≈#
............≈≈≈≈PP.≈≈≈....≈#
..≈.≈≈≈...≈...............≈#
..≈≈≈P≈#######≈≈P.P≈.^...P##
..≈≈≈### #######.≈≈≈≈≈#
###### ###≈.### ####


You could see 2 steam dragons, an iguana and an orc.

Vanquished Creatures
  Grinder (D:3)
  A black bear (D:5)
  Blork the orc (D:4)
  A scorpion (D:5)
  An orc priest (D:2)
  3 adders
  2 worms
  4 dart slugs
  3 orcs
  6 bats
  9 endoplasms
  5 giant cockroaches
  6 hobgoblins
  6 jackals
  4 kobolds
  6 quokkas
  8 ball pythons
  7 frilled lizards
  8 goblins
  A hobgoblin zombie (D:5)
  A kobold zombie (D:5)
  2 orc zombies (D:5)
  3 rats
89 creatures vanquished.

Vanquished Creatures (others)
  6 fungi (D:5)
6 creatures vanquished.

Grand Total: 95 creatures vanquished

Notes
Turn   | Place    | Note
-------+----------+-------------------------------------------
     0 | D:1      | Bruhh the Ogre Earth Elementalist began the quest for the
                  | Orb.
     0 | D:1      | Reached XP level 1. HP: 16/16 MP: 3/3
   156 | D:1      | Reached skill level 3 in Earth Magic
   156 | D:1      | Reached XP level 2. HP: 24/24 MP: 3/5
   710 | D:1      | Reached XP level 3. HP: 30/31 MP: 7/7
  1892 | D:1      | Found a faded altar of an unknown god.
  2121 | D:2      | Found a radiant altar of Vehumet.
  2154 | D:2      | Became a worshipper of Vehumet
  2282 | D:2      | Reached XP level 4. HP: 39/39 MP: 7/10
  2555 | D:2      | Reached skill level 4 in Earth Magic
  2684 | D:2      | Reached XP level 5. HP: 42/45 MP: 8/11
  2687 | D:2      | Reached skill level 1 in Conjurations
  3491 | D:3      | Noticed Grinder
  3498 | D:3      | Paralysed by Grinder for 2 turns
  3500 | D:3      | Killed Grinder
  3501 | D:3      | Reached XP level 6. HP: 41/53 MP: 5/12
  3505 | D:3      | Learned a level 3 spell: Stone Arrow
  4346 | D:4      | Noticed Blork the orc
  4352 | D:4      | Killed Blork the orc
  4353 | D:4      | Reached skill level 5 in Earth Magic
  4681 | D:5      | Entered Level 5 of the Dungeon
  4681 | D:5      | Noticed a black bear
  4685 | D:5      | Killed a black bear
  4686 | D:5      | Reached XP level 7. HP: 54/59 MP: 8/13
  5053 | D:5      | Reached * piety under Vehumet
  5053 | D:5      | Offered knowledge of Freeze by Vehumet.
  5134 | D:5      | Noticed a steam dragon
  5139 | D:5      | Noticed a steam dragon
  5144 | D:5      | Killed from afar by a steam dragon

Illustrated notes

Levels and vault maps discovered:
D:1:      lemuel_arrival_rhombus, layout_loops_ring,
          shapermc_ecumenical_altar_mp_highgroup, chequers_jeans,
          minmay_misc_feat_cross
D:2:      layout_basic, basic_altar, solitary_fountain
D:3:      layout_basic, uniq_grinder
D:4:      layout_basic, uniq_blork_the_orc
D:5:      kennysheep_steamy, layout_cave_pods, minmay_mini_ossuary

Skill      XL: |  1  2  3  4  5  6  7 |
---------------+----------------------+-----
Earth Magic    | 3 4 5 |  5.0
Spellcasting   | 3 4 |  4.7
Conjurations   | 2 3 4 |  4.1
Dodging        | |  1.7
Stealth        | |  1.4
Transmutations | |  0.8

Action                   |  1- 3 |  4- 6 |  7- 9 || total
-------------------------+-------+-------+-------++-------
Melee: Unarmed           |    59 |       |       ||    59
       Dagger            |    70 |       |       ||    70
       Rapier            |    33 |     4 |     2 ||    39
       Punch             |     1 |       |       ||     1
 Cast: Sandblast         |    39 |    61 |    11 ||   111
       Stone Arrow       |       |       |     3 ||     3
  Use: Scroll            |       |       |     1 ||     1
       Potion            |       |       |     1 ||     1
 Stab: Sleeping          |     2 |       |       ||     2
Armor: Robe              |    97 |     5 |     2 ||   104
Dodge: Dodged            |   112 |     4 |     7 ||   123

Table legend: (Time is in decaauts)
 A = Elapsed time spent in this place.
 B = Non-inter-level travel time spent in this place.
 C = Inter-level travel time spent in this place.
 D = Time resting spent in this place.
 E = Time spent auto-exploring this place.
 F = Levels seen in this place.
 G = Mean time per level.
                   A        B        C        D        E       F      G
               +--------+--------+--------+--------+--------+-----+--------+
         Total |   5150 |   5078 |     72 |      0 |   4428 |   5 | 1030.0 |
       Dungeon |   5150 |   5078 |     72 |      0 |   4428 |   5 | 1030.0 |
               +--------+--------+--------+--------+--------+-----+--------+

Top non-repeatable levels by time:
     D:1: 2010 daAuts
     D:2: 1023 daAuts
     D:4: 860 daAuts
     D:3: 791 daAuts
     D:5: 463 daAuts
